 Dungeon Crawl Stone Soup version 0.32-a0-520-g344ed53f66 (webtiles) character file.

Game seed: 15424912288723974857

328 ezpacito the Trooper (level 6, -3/48 HPs)
             Began as a Demonspawn Chaos Knight on Feb 27, 2024.
             Was a Plaything of Xom.
             Slain by an ogre
             ... wielding a +0 giant spiked club
              (23 damage)
             ... on level 4 of the Dungeon.
             The game lasted 00:05:02 (2459 turns).

ezpacito the Trooper (Demonspawn Chaos Knight)      Turns: 2459, Time: 00:05:02

Health: -3/48      AC:  5    Str: 14    XL:     6   Next: 25%
Magic:  8/8        EV: 12    Int: 13    God:    Xom [..*...]
Gold:   59         SH:  0    Dex: 18    Spells: 3/8 levels left

rFire   . . .        a - +0 hand axe (chaos)
rCold   + . .        (no shield)
rNeg    . . .        b - +2 leather armour
rPois   .            (no helmet)
rElec   .            (no cloak)
rCorr   .            (no gloves)
SInv    .            (no boots)
Will    .....        (no amulet)
Stlth   ++           i - ring of protection from cold
HPRegen 0.28/turn    m - +6 ring of dexterity
MPRegen 0.11/turn

%: no passive effects
@: no status effects
A: claws 2, foul stench 1
a: Renounce Religion


You were on level 4 of the Dungeon.
You worshipped Xom.
You were a toy of Xom.
You visited 1 branch of the dungeon, and saw 4 of its levels.

You collected 111 gold pieces.
You spent 52 gold pieces at shops.

Inventory:

Hand Weapons
 a - a +0 hand axe of chaos (weapon)
Missiles
 l - 5 poisoned darts (quivered)
Armour
 b - a +2 leather armour (worn)
Magical Staves
 v - a staff of death
Jewellery
 i - a ring of protection from cold (left claw)
 m - a +6 ring of dexterity (right claw)
 q - an amulet of the acrobat
Wands
 u - a wand of iceblast (8)
Scrolls
 c - a scroll of butterflies
 d - a scroll of fear {unknown}
 e - a scroll of blinking {unknown}
 g - a scroll of amnesia {unknown}
 h - a scroll of revelation {unknown}
 j - 4 scrolls of teleportation
 k - a scroll of summoning {unknown}
 n - a scroll of fog {unknown}
 t - a scroll of acquirement {unknown}
 x - 3 scrolls of immolation {unknown}
 y - a scroll of vulnerability {unknown}
Potions
 f - a potion of might
 o - a potion of lignification
 p - 2 potions of enlightenment
 r - 3 potions of curing
 s - a potion of attraction
 w - 2 potions of haste
 z - a potion of heal wounds {unknown}


   Skills:
 * Level 3.6 Fighting
 * Level 3.5(3.6) Axes
 + Level 1.0(2.4) Polearms
 * Level 2.6 Armour
 * Level 1.9 Dodging
 + Level 1.2 Stealth
 * Level 1.9 Unarmed Combat
 * Level 1.6 Spellcasting
 + Level 0.7 Hexes
 * Level 1.4 Necromancy
 + Level 0.4 Evocations


You had 3 spell levels left.
You knew the following spells:

 Your Spells              Type           Power      Damage    Failure   Level
a - Ensorcelled Hibernat  Hex/Ice        4%         N/A       38%         2
b - Fugue of the Fallen   Necr           4%         N/A       47%         3

Your spell library contained the following spells:

 Spells                   Type           Power      Damage    Failure   Level
 Kiss of Death            Conj/Necr      8%         2d6       24%         1
 Confusing Touch          Hex            3%         N/A       58%         3
 Passwall                 Erth           1%         N/A       69%         3
 Swiftness                Air            1%         N/A       69%         3
 Dispel Undead            Necr           4%         3d7       87%         4
 Anguish                  Hex/Necr       1%         N/A       90%         4
 Olgreb's Toxic Radiance  Alch           1%         N/A       97%         4
 Ozocubu's Refrigeration  Ice            0%         4d7       100%        7
 Discord                  Hex            1%         N/A       100%        8


Dungeon Overview and Level Annotations

Branches:
Dungeon (4/15)
 Temple: D:4-7

Altars:
Vehumet

Shops:
D:2 ?   D:3 :

Annotations:
D:4 3 runed translucent doors, Splishie's ghost, amateur DrSh


Innate Abilities, Weirdness & Mutations

You have very sharp fingernails.
You may rarely emit foul miasma when damaged in melee.


Message History

z - a viscous purple potion You swap places.
You see here a ball python corpse.
You now have enough gold to buy a scroll of amnesia on D:2, buy a scroll of fog on D:2, buy a scroll of immolation on D:2, or buy a scroll of vulnerability on D:2.
You can access your shopping list by pressing '$'.
You now have 59 gold pieces (gained 15).
l - 5 poisoned darts (gained 1)
A goblin comes into view.
It is wielding a +0 dagger. 2 iguanas come into view.
You see here a +3 morningstar of protection.
The iguana hisses angrily. x2; The goblin shouts!
Your adder zombie bites the iguana but does no damage.
An ogre comes into view. It is wielding a +0 giant spiked club.
The iguana bites your adder zombie.
Your adder zombie is destroyed!
You barely miss the ogre. The ogre completely misses you.
You hit the ogre.
The ogre seems to grow stronger.
The ogre is lightly wounded.
You completely miss the ogre.
The ogre is lightly wounded.
The ogre hits you with a +0 giant spiked club!!
Ouch! That really hurt!
You barely miss the ogre.
The ogre is lightly wounded.
The ogre closely misses you.
You hit the ogre but do no damage.
The ogre is lightly wounded.
The ogre misses you.
You hit the ogre.
The ogre is poisoned.
The ogre is moderately wounded.
You hit the ogre but do no damage.
The ogre is caught in a web!
The ogre is heavily wounded.
The ogre struggles to get unstuck from the web.
The ogre tears the web.
You hit the ogre.
The ogre flies into a frenzy!
Xom thinks this is hilarious!
The ogre is severely wounded.
The ogre hits you with a +0 giant spiked club!!
You die...
Xom snickers!

# #. #.. #.# #
#..### ##. #...####
#..g###....######
#lO@...).......
###..l###....#####.
..##.##...#### ..#
#..###.. #.###.##
..# ..#..# ...
#.#†## #.#########
#.#.#
#..#..........
#...#
#.............


You could see 2 iguanas, a goblin and a neutral ogre (fast, strong, frenzied,
very poisoned).

Vanquished Creatures
  A scorpion (D:4)
  A bombardier beetle (D:3)
  2 orc priests (D:4)
  A sleepcap (D:4)
  2 orc wizards (D:4)
  A gnoll (D:1)
  3 adders
  A dart slug (D:1)
  A ribbon worm (D:3)
  2 orcs (D:4)
  6 endoplasms
  2 giant cockroaches (D:1)
  8 goblins
  2 hobgoblins
  A jackal (D:3)
  3 quokkas
  8 ball pythons
  2 bats
  7 frilled lizards
  10 kobolds
  3 rats
67 creatures vanquished.

Vanquished Creatures (collateral kills)
  A goblin (D:2)
  A rat (D:3)
2 creatures vanquished.

Vanquished Creatures (others)
  An adder zombie (D:4)
1 creature vanquished.

Grand Total: 70 creatures vanquished

Notes
Turn   | Place    | Note
-------+----------+-------------------------------------------
     0 | D:1      | ezpacito the Demonspawn Chaos Knight began the quest for
                  | the Orb.
     0 | D:1      | Reached XP level 1. HP: 18/18 MP: 1/1
    25 | D:1      | XOM: silly message
   181 | D:1      | Reached skill level 1 in Dodging
   181 | D:1      | Gained mutation: You have sharp fingernails. [demonic
                  | ancestry]
   181 | D:1      | Reached XP level 2. HP: 21/24 MP: 2/2
   203 | D:1      | Found a faded altar of an unknown god.
   360 | D:1      | XOM: noise
   402 | D:1      | Reached XP level 3. HP: 29/29 MP: 4/4
   803 | D:2      | XOM: noise
  1242 | D:2      | Found Zuthrucw's Magic Scroll Shop.
  1250 | D:2      | Bought a scroll of identify for 26 gold pieces
  1250 | D:2      | Bought a scroll of identify for 26 gold pieces
  1356 | D:3      | Reached skill level 1 in Unarmed Combat
  1567 | D:3      | Found a radiant altar of Vehumet.
  1567 | D:3      | XOM: 3-stop teleportation journey
  1694 | D:3      | Reached skill level 1 in Spellcasting
  1694 | D:3      | Gained mutation: You have very sharp fingernails. [demonic
                  | ancestry]
  1694 | D:3      | Reached XP level 4. HP: 35/35 MP: 5/5
  1700 | D:3      | XOM: divination: magic mapping
  1947 | D:3      | Found Ygoikeaj's Book Shop.
  1960 | D:3      | Learned a level 2 spell: Ensorcelled Hibernation
  1964 | D:3      | Learned a level 3 spell: Fugue of the Fallen
  2057 | D:4      | XOM: enchant monster (good)
  2064 | D:4      | Reached skill level 1 in Stealth
  2064 | D:4      | Gained mutation: You may rarely emit foul miasma when
                  | damaged in melee. [demonic ancestry]
  2064 | D:4      | Reached XP level 5. HP: 21/41 MP: 6/6
  2075 | D:4      | Reached skill level 1 in Necromancy
  2177 | D:4      | Found a runed translucent gate.
  2177 | D:4      | Found a runed translucent gate.
  2177 | D:4      | Found a runed translucent gate.
  2181 | D:4      | Noticed Splishie's ghost (amateur DrSh)
  2299 | D:4      | Reached skill level 1 in Polearms
  2299 | D:4      | Reached XP level 6. HP: 37/47 MP: 8/8
  2459 | D:4      | Slain by an ogre

Illustrated notes

Levels and vault maps discovered:
D:1:      minmay_arrival_doors, layout_basic, basic_ecumenical_altar
D:2:      layout_basic, serial_shops, shop
D:3:      minmay_octagon_keep, layout_basic, mainiacjoe_overflow_cross_hatched,
          serial_shops, nicolae_shop_just_a_little_nook
D:4:      minmay_general_purpose_star, layout_loops_ring, okawaru_gym_becter,
          ebering_ghost_rock_garden

Skill      XL: |  1  2  3  4  5 |
---------------+----------------+-----
Dodging        | 1 |  1.9
Armour         | 2 |  2.6
Unarmed Combat | 1 |  1.9
Axes           | 3 |  3.5
Spellcasting   | 1 |  1.6
Stealth        | 1 |  1.2
Necromancy     | 1 |  1.4
Polearms       | 1 |  1.0
Fighting       | |  3.6
Hexes          | |  0.7
Evocations     | |  0.4

Action                     |  1- 3 |  4- 6 || total
---------------------------+-------+-------++-------
  Melee: Hand axe          |    95 |    97 ||   192
  Throw: Dart              |       |     1 ||     1
    Use: Scroll            |     6 |     1 ||     7
         Potion            |       |     1 ||     1
   Stab: Sleeping          |     2 |     4 ||     6
         Paralysed         |     1 |       ||     1
         Petrified         |       |    13 ||    13
         Distracted        |       |     1 ||     1
         Petrifying        |       |     2 ||     2
 Armour: Leather armour    |    56 |    61 ||   117
  Dodge: Dodged            |    32 |    44 ||    76

Table legend: (Time is in decaauts)
 A = Elapsed time spent in this place.
 B = Non-inter-level travel time spent in this place.
 C = Inter-level travel time spent in this place.
 D = Time resting spent in this place.
 E = Time spent auto-exploring this place.
 F = Levels seen in this place.
 G = Mean time per level.
                   A        B        C        D        E       F      G
               +--------+--------+--------+--------+--------+-----+--------+
         Total |   2484 |   2442 |     42 |      0 |   1901 |   4 |  621.0 |
       Dungeon |   2484 |   2442 |     42 |      0 |   1901 |   4 |  621.0 |
               +--------+--------+--------+--------+--------+-----+--------+

Top non-repeatable levels by time:
     D:3: 720 daAuts
     D:1: 656 daAuts
     D:2: 627 daAuts
     D:4: 480 daAuts
